 Dungeon Crawl Stone Soup version 0.28.0-45-g0d030f2227 (webtiles) character file.

Game seed: 12368365301203387582

54 Descartes the Ruffian (level 3, 0/33 HPs)
             Began as a Troll Warper on Apr 5, 2022.
             Slain by an orc priest
             ... wielding a +1 vorpal mace
              (1 damage)
             ... on level 2 of the Dungeon.
             The game lasted 00:04:18 (1520 turns).

Descartes the Ruffian (Troll Warper)                Turns: 1520, Time: 00:04:19

Health: 0/33       AC:  4    Str: 19    XL:     3   Next: 66%
Magic:  3/3        EV: 10    Int: 11    God:
Gold:   38         SH:  0    Dex:  9    Spells: 4/4 levels left

rFire   . . .      SeeInvis .     - Unarmed
rCold   + . .      Faith    .   (no shield)
rNeg    . . .      Spirit   .   g - +0 robe {rC+}
rPois   .          Reflect  .   (helmet restricted)
rElec   .          Harm     .   (no cloak)
rCorr   .          Rampage  .   (gloves unavailable)
Will    .....                   (boots unavailable)
Stlth   +.........              (no amulet)
HPRegen 0.91/turn               (no ring)
MPRegen 0.08/turn               (no ring)

@: no status effects
A: large, unfitting armour, claws 3, regeneration 1, shaggy fur 1, tough skin 1
a: no special abilities


You were on level 2 of the Dungeon.
You visited 1 branch of the dungeon, and saw 3 of its levels.

You collected 38 gold pieces.

Inventory:

Missiles
 c - 5 boomerangs of dispersal (quivered)
 e - 9 poisoned darts
 i - 11 stones
Armour
 a - a +0 robe
 g - a +0 robe of cold resistance (worn)
Wands
 j - a wand of flame (8)
Scrolls
 b - a scroll of blinking
 d - a scroll of holy word {unknown}
 f - a scroll of acquirement {unknown}
 h - a scroll of torment {unknown}
 m - a scroll of enchant armour {unknown}
 n - a scroll of identify {unknown}
Potions
 k - a potion of degeneration {unknown}
 l - a potion of might {unknown}
 o - 2 potions of lignification {unknown}


   Skills:
 - Level 1.5 Fighting
 - Level 0.8 Throwing
 + Level 2.5 Dodging
 + Level 2.8 Unarmed Combat
 - Level 1.2 Spellcasting
 + Level 2.6 Translocations


You had 4 spell levels left.
You didn't know any spells.
Your spell library contained the following spells:

 Spells                   Type           Power      Damage    Failure   Level
 Blink                    Tloc           12%        N/A       16%         2
 Gell's Gravitas          Tloc           6%         N/A       30%         3
 Lesser Beckoning         Tloc           6%         N/A       30%         3
 Teleport Other           Tloc           6%         N/A       30%         3
 Ensorcelled Hibernation  Hex/Ice        0%         N/A       43%         2
 Spider Form              Tmut/Pois      0%         N/A       67%         3
 Anguish                  Hex/Necr       0%         N/A       97%         4
 Manifold Assault         Tloc           6%         N/A       96%         5


Dungeon Overview and Level Annotations

Branches:
Dungeon (3/15)

Altars:


Innate Abilities, Weirdness & Mutations

You are too large for most types of armour.
You have claws for hands.
Your natural rate of healing is unusually fast.
You are covered in fur. (AC +1)
You have tough skin. (AC +1)


Message History

You are too injured to fight recklessly!
You are too injured to fight recklessly!
You are too injured to fight recklessly!
You are too injured to fight recklessly!
You are too injured to fight recklessly!
You are too injured to fight recklessly!
You are too injured to fight recklessly!
You are too injured to fight recklessly!
You are too injured to fight recklessly!
You are too injured to fight recklessly!
You are too injured to fight recklessly!
You are too injured to fight recklessly!
You are too injured to fight recklessly!
You are too injured to fight recklessly!
Unknown command.
The orc priest hits you with a +1 vorpal mace!
* * * LOW HITPOINT WARNING * * *
x2
Things that are here:
a +0 short sword; a kobold corpse The orc priest miscasts a cantrip.
There is a stone staircase leading up here.
The orc priest barely misses you.
You climb upwards.
There is a stone staircase leading down here.
You closely miss the orc priest.
The orc priest is heavily wounded.
You closely miss the orc priest.
The orc priest is heavily wounded.
The orc priest hits you but does no damage.
You scratch the orc priest but do no damage.
Your claw misses the orc priest.
The orc priest is heavily wounded.
The orc priest invokes the aid of Beogh against you.
Beogh smites you!
* * * LOW HITPOINT WARNING * * *
You scratch the orc priest but do no damage.
The orc priest is heavily wounded.
The orc priest hits you with a +1 vorpal mace.
* * * LOW HITPOINT WARNING * * *
You die...

#............#...
#.##########.#.## #.# #.#.## #.#
#.#.## ####### #.# #.#.## ......#
########.# #.#.## #####.#
#.....##.# #.#†#.
.<..#.####.....##.# #.#.#<
................@.##########.#.##
..#.#.#........o.................
#.#.#.#..........###########.#.##
###.#.#......................#...
....#.#.........#################
#####.#.........'................
......#.........#################
############....# # .........#
####.# #


You could see an orc priest.

Vanquished Creatures
  A worm (D:2)
  2 dart slugs
  5 bats
  4 endoplasms (D:1)
  4 giant cockroaches
  3 goblins
  2 hobgoblins (D:1)
  6 kobolds
  2 quokkas (D:2)
  5 ball pythons
  3 frilled lizards
  8 rats
45 creatures vanquished.

Notes
Turn   | Place    | Note
-------+----------+-------------------------------------------
     0 | D:1      | Descartes the Troll Warper began the quest for the Orb.
     0 | D:1      | Reached XP level 1. HP: 19/19 MP: 1/1
    87 | D:1      | Reached XP level 2. HP: 27/27 MP: 2/2
   569 | D:2      | Reached XP level 3. HP: 33/33 MP: 3/3
   731 | D:2      | Found a faded altar of an unknown god.
  1520 | D:2      | HP: 1/33 [orc priest/+1 vorpal mace (6)]
  1520 | D:2      | Slain by an orc priest

Illustrated notes

Levels and vault maps discovered:
D:1:      minmay_arrival_semitransparent, layout_basic
D:2:      layout_basic, dreamdust_ecumenical_altar_angels_and_demons
D:3:      layout_basic, trog_hazing_becter, minmay_misc_feat_rugged

Skill      XL: |  1 |
---------------+----+-----
Dodging        | 2 |  2.5
Fighting       | |  1.5
Throwing       | |  0.8
Unarmed Combat | |  2.8
Spellcasting   | |  1.2
Translocations | |  2.6

Action                   || total
-------------------------++-------
Melee: Unarmed           ||   103
       Punch             ||     2
Armor: Robe              ||    29
Dodge: Dodged            ||    42
